TOP OF THE 1ST |
Indiana Hounds batting - Pitching for Allentown Hillbillies : RHP Mario Torres
|
Pitching: RHP Mario Torres
|
|
Batting: LHB David Cháves
|
0-0: Ball 1-0: Ball 2-0: Called Strike 2-1: Foul Ball, location: 2F 2-2: Foul Ball, location: 2F 2-2: Foul Ball, location: 2F 2-2: Foul Ball, location: 2F 2-2: Foul Ball, location: 2F 2-2: Foul Ball, location: 2F 2-2: Ball 3-2: Foul Ball, location: 2F 3-2: SINGLE (Groundball, 4MD)
|
Batting: RHB Doug Murray
|
0-0: Ball 1-0: Called Strike 1-1: Foul Ball, location: 2F 1-2: Strikes out looking
|
Batting: RHB Danny Walker
|
0-0: Called Strike 0-1: Ball 1-1: Ball 2-1: Fly out, F8 (Flyball, 8RM)
|
Batting: RHB Vicente Valentín
|
0-0: Ball 1-0: Called Strike 1-1: Called Strike 1-2: Strikes out looking
|
Top of the 1st over - 0 run(s), 1 hit(s), 0 error(s), 1 left on base; Indiana 0 - Allentown 0 |
BOTTOM OF THE 1ST |
Allentown Hillbillies batting - Pitching for Indiana Hounds : LHP Tatsui Tanaka
|
Pitching: LHP Tatsui Tanaka
|
|
Batting: LHB George Knight
|
0-0: Called Strike 0-1: Ball 1-1: Swinging Strike 1-2: Foul Ball, location: 2F 1-2: Foul Ball, location: 2F 1-2: Foul Ball, location: 2F 1-2: Foul Ball, location: 2F 1-2: Ball 2-2: Ball 3-2: Foul Ball, location: 2F 3-2: Base on Balls
|
Batting: RHB Justin Harris
|
0-0: DOUBLE (Flyball, 78XD) George Knight to third
|
Batting: RHB Wyatt McKinnon
|
0-0: Ball 1-0: Called Strike 1-1: Ball 2-1: Ball 3-1: Fly out, F8 (Flyball, 8RM)
|
Batting: RHB Diego Rivera
|
0-0: Foul Ball, location: 2F 0-1: Called Strike 0-2: Ball 1-2: Foul Ball, location: 2F 1-2: Foul Ball, location: 2F 1-2: Ball 2-2: Ground out 4-3 (Groundball, 4) George Knight scores Justin Harris to third
|
Batting: LHB Eduardo Rodríguez
|
0-0: Foul Ball, location: 2F 0-1: Ball 1-1: Ball 2-1: Ball 3-1: Base on Balls
|
Batting: RHB Dan Banks
|
0-0: Ball 1-0: Called Strike 1-1: Swinging Strike 1-2: Strikes out swinging
|
Bottom of the 1st over - 1 run(s), 1 hit(s), 0 error(s), 2 left on base; Indiana 0 - Allentown 1 |
TOP OF THE 2ND |
Indiana Hounds batting - Pitching for Allentown Hillbillies : RHP Mario Torres
|
Batting: LHB Dave Helásquez
|
0-0: Swinging Strike 0-1: Foul Ball, location: 2F 0-2: Foul Ball, location: 2F 0-2: Ball 1-2: Ball 2-2: Strikes out swinging
|
Batting: RHB Domingo Romero
|
0-0: Swinging Strike 0-1: Swinging Strike 0-2: Ball 1-2: Strikes out swinging
|
Batting: LHB Denny Poole
|
0-0: Ball 1-0: Ball 2-0: Ball 3-0: Called Strike 3-1: Called Strike 3-2: Fly out, F8 (Flyball, 8RM)
|
Top of the 2nd over - 0 run(s), 0 hit(s), 0 error(s), 0 left on base; Indiana 0 - Allentown 1 |
BOTTOM OF THE 2ND |
Allentown Hillbillies batting - Pitching for Indiana Hounds : LHP Tatsui Tanaka
|
Batting: RHB Carl Brown
|
0-0: Ball 1-0: Ball 2-0: Ground out 4-3 (Groundball, 4S)
|
Batting: RHB Bartolo López
|
0-0: Called Strike 0-1: Ball 1-1: Foul Ball, location: 2F 1-2: Foul Ball, location: 2F 1-2: Foul Ball, location: 2F 1-2: SINGLE (Flyball, 8RS)
|
Batting: RHB Stephen Shaw
|
0-0: Ball 1-0: Ground out 5-3 (Groundball, 5) Bartolo López to second
|
Batting: LHB George Knight
|
0-0: Called Strike 0-1: Swinging Strike 0-2: Strikes out looking
|
Bottom of the 2nd over - 0 run(s), 1 hit(s), 0 error(s), 1 left on base; Indiana 0 - Allentown 1 |
TOP OF THE 3RD |
Indiana Hounds batting - Pitching for Allentown Hillbillies : RHP Mario Torres
|
Batting: LHB Dave Watson
|
0-0: Ball 1-0: Foul Ball, location: 2F 1-1: Swinging Strike 1-2: Strikes out swinging
|
Batting: RHB Juan Brito
|
0-0: Foul Ball, location: 2F 0-1: Fly out, F8 (Flyball, 8LM)
|
Batting: LHB David Cháves
|
0-0: Ball 1-0: Called Strike 1-1: Foul Ball, location: 2F 1-2: Ground out 4-3 (Groundball, 4)
|
Top of the 3rd over - 0 run(s), 0 hit(s), 0 error(s), 0 left on base; Indiana 0 - Allentown 1 |
BOTTOM OF THE 3RD |
Allentown Hillbillies batting - Pitching for Indiana Hounds : LHP Tatsui Tanaka
|
Batting: RHB Justin Harris
|
0-0: Ball 1-0: Ball 2-0: Ground out 5-3 (Groundball, 56S)
|
Batting: RHB Wyatt McKinnon
|
0-0: Ball 1-0: Called Strike 1-1: Called Strike 1-2: Ball 2-2: Foul Ball, location: 2F 2-2: Fly out, F9 (Flyball, 9LSF)
|
Batting: RHB Diego Rivera
|
0-0: Called Strike 0-1: Ball 1-1: Foul Ball, location: 2F 1-2: Ball 2-2: Foul Ball, location: 2F 2-2: Strikes out swinging
|
Bottom of the 3rd over - 0 run(s), 0 hit(s), 0 error(s), 0 left on base; Indiana 0 - Allentown 1 |
TOP OF THE 4TH |
Indiana Hounds batting - Pitching for Allentown Hillbillies : RHP Mario Torres
|
Batting: RHB Doug Murray
|
0-0: Ball 1-0: Fly out, F9 (Flyball, 9LS)
|
Batting: RHB Danny Walker
|
0-0: Ball 1-0: Called Strike 1-1: Ball 2-1: Fly out, F8 (Flyball, 8LD)
|
Batting: RHB Vicente Valentín
|
0-0: Called Strike 0-1: Foul Ball, location: 2F 0-2: Ball 1-2: Foul Ball, location: 2F 1-2: Strikes out swinging
|
Top of the 4th over - 0 run(s), 0 hit(s), 0 error(s), 0 left on base; Indiana 0 - Allentown 1 |
BOTTOM OF THE 4TH |
Allentown Hillbillies batting - Pitching for Indiana Hounds : LHP Tatsui Tanaka
|
Batting: LHB Eduardo Rodríguez
|
0-0: Ball 1-0: Fly out, F7 (Line Drive, 78M)
|
Batting: RHB Dan Banks
|
0-0: Called Strike 0-1: Ball 1-1: Called Strike 1-2: Ball 2-2: Foul Ball, location: 2F 2-2: SOLO HOME RUN (Flyball, 78XD), Distance : 413 ft
|
Batting: RHB Carl Brown
|
0-0: Ball 1-0: Ball 2-0: Ball 3-0: Called Strike 3-1: Base on Balls
|
Batting: RHB Bartolo López
|
0-0: Swinging Strike 0-1: Ball 1-1: Ball 2-1: Reached on error, E6 (Groundball, 6) Carl Brown to second
|
Pitching: RHP Ronald Moore
|
|
Batting: RHB Stephen Shaw
|
0-0: Ball 1-0: Swinging Strike 1-1: Ball 2-1: Ball 3-1: Base on Balls Carl Brown to third Bartolo López to second
|
Batting: LHB George Knight
|
0-0: Swinging Strike 0-1: Called Strike 0-2: Ball 1-2: Strikes out swinging
|
Batting: RHB Justin Harris
|
0-0: Ball 1-0: SINGLE (Flyball, 89S) Carl Brown scores Bartolo López to third Stephen Shaw to second Runner from 3rd tries for Home, SAFE, no throw
|
Batting: RHB Wyatt McKinnon
|
0-0: Swinging Strike 0-1: Ball 1-1: Foul Ball, location: 2F 1-2: Fielders Choice at 2nd, U4 (Groundball, 4M)
|
Bottom of the 4th over - 3 run(s), 2 hit(s), 1 error(s), 2 left on base; Indiana 0 - Allentown 4 |
TOP OF THE 5TH |
Indiana Hounds batting - Pitching for Allentown Hillbillies : RHP Mario Torres
|
Batting: LHB Dave Helásquez
|
0-0: Called Strike 0-1: Ball 1-1: Foul Ball, location: 2F 1-2: Ground out 6-3 (Groundball, 6)
|
Batting: RHB Domingo Romero
|
0-0: Ball 1-0: SINGLE (Flyball, 8RS)
|
Batting: LHB Denny Poole
|
0-0: Ball 1-0: Ball 2-0: Ball 3-0: Called Strike 3-1: Called Strike 3-2: DOUBLE (Flyball, 8LXD) Domingo Romero to third Domingo Romero scores
|
Batting: LHB Dave Watson
|
0-0: DOUBLE (Flyball, 89M) Denny Poole scores
|
Batting: RHB Juan Brito
|
0-0: Ball 1-0: Called Strike 1-1: Called Strike 1-2: Strikes out swinging
|
Batting: LHB David Cháves
|
0-0: 2-RUN HOME RUN (Flyball, 89XD), Distance : 407 ft
|
Batting: RHB Doug Murray
|
0-0: Called Strike 0-1: Ball 1-1: Ground out 6-3 (Groundball, 6)
|
Top of the 5th over - 4 run(s), 4 hit(s), 0 error(s), 0 left on base; Indiana 4 - Allentown 4 |
BOTTOM OF THE 5TH |
Allentown Hillbillies batting - Pitching for Indiana Hounds : RHP Ronald Moore
|
Batting: RHB Diego Rivera
|
0-0: Ball 1-0: SOLO HOME RUN (Flyball, 7LD), Distance : 361 ft
|
Batting: LHB Eduardo Rodríguez
|
0-0: Ball 1-0: Foul Ball, location: 2F 1-1: Foul Ball, location: 2F 1-2: Foul Ball, location: 2F 1-2: Ball 2-2: Ball 3-2: Fly out, F8 (Flyball, 8LD)
|
Batting: RHB Dan Banks
|
0-0: Swinging Strike 0-1: Ball 1-1: SOLO HOME RUN (Flyball, 7LD), Distance : 375 ft
|
Batting: RHB Carl Brown
|
0-0: Ball 1-0: Ball 2-0: SINGLE (Line Drive, 9S)
|
Batting: RHB Bartolo López
|
0-0: Called Strike 0-1: Foul Ball, location: 2F 0-2: Ball 1-2: Ball 2-2: Fly out, F9 (Flyball, 9S)
|
Batting: RHB Stephen Shaw
|
0-0: Ball 1-0: Ball 2-0: Ball 3-0: Base on Balls Carl Brown to second
|
Batting: LHB George Knight
|
0-0: SINGLE (Groundball, 4MD) Carl Brown to third Stephen Shaw to second Runner from 3rd tries for Home, SAFE, throw made home Stephen Shaw to third George Knight to second
|
Pitching: RHP Alex Stanford
|
|
Batting: RHB Justin Harris
|
0-0: Ball 1-0: Ball 2-0: Ball 3-0: Called Strike 3-1: Base on Balls
|
Batting: RHB Wyatt McKinnon
|
0-0: Ball 1-0: Foul Ball, location: 2F 1-1: Ground out 5-3 (Groundball, 56)
|
Bottom of the 5th over - 3 run(s), 4 hit(s), 0 error(s), 3 left on base; Indiana 4 - Allentown 7 |
TOP OF THE 6TH |
Indiana Hounds batting - Pitching for Allentown Hillbillies : RHP Mario Torres
|
Pitching: RHP Pepe Fernández
|
|
Batting: RHB Danny Walker
|
0-0: Called Strike 0-1: Ball 1-1: Ball 2-1: SINGLE (Groundball, 4MD)
|
Batting: RHB Vicente Valentín
|
0-0: Called Strike 0-1: Ball 1-1: Ball 2-1: SINGLE (Line Drive, 89S) Danny Walker to second
|
Batting: LHB Dave Helásquez
|
0-0: Ball 1-0: Called Strike 1-1: Called Strike 1-2: Ball 2-2: Grounds into double play, 6-4-3 (Groundball, 6) Danny Walker to third
|
Batting: RHB Domingo Romero
|
0-0: Called Strike 0-1: Called Strike 0-2: Foul Ball, location: 2F 0-2: Ball 1-2: Foul Ball, location: 2F 1-2: Foul Ball, location: 2F 1-2: Ball 2-2: Foul Ball, location: 2F 2-2: Foul Ball, location: 2F 2-2: Strikes out swinging
|
Top of the 6th over - 0 run(s), 2 hit(s), 0 error(s), 1 left on base; Indiana 4 - Allentown 7 |
BOTTOM OF THE 6TH |
Allentown Hillbillies batting - Pitching for Indiana Hounds : RHP Alex Stanford
|
Batting: RHB Diego Rivera
|
0-0: Ball 1-0: Called Strike 1-1: Foul Ball, location: 2F 1-2: Foul Ball, location: 2F 1-2: Ball 2-2: Foul Ball, location: 2F 2-2: Foul Ball, location: 2F 2-2: Foul Ball, location: 2F 2-2: Foul Ball, location: 2F 2-2: Ball 3-2: Strikes out swinging
|
Batting: LHB Eduardo Rodríguez
|
0-0: SINGLE (Line Drive, 8RS)
|
Batting: RHB Dan Banks
|
0-0: Ball 1-0: Called Strike 1-1: Ball 2-1: Ball 3-1: Swinging Strike 3-2: Base on Balls Eduardo Rodríguez to second
|
Batting: RHB Carl Brown
|
0-0: Ball Eduardo Rodríguez steals 3rd base Dan Banks to second 1-0: Foul Ball, location: 2F 1-1: SINGLE (Line Drive, 56D) Eduardo Rodríguez scores Dan Banks to third
|
Batting: RHB Bartolo López
|
0-0: Called Strike 0-1: Ball 1-1: Called Strike 1-2: Strikes out looking
|
Batting: RHB Stephen Shaw
|
0-0: Ball 1-0: Foul Ball, location: 2F 1-1: Foul Ball, location: 2F 1-2: Ball 2-2: Foul Ball, location: 2F 2-2: SINGLE (Flyball, 78S) Dan Banks scores Carl Brown to second
|
Pitching: RHP Barry Mitchell
|
|
Batting: LHB George Knight
|
0-0: Ball 1-0: Swinging Strike 1-1: Foul Ball, location: 2F 1-2: Ball 2-2: Fielders Choice at 2nd, 4-6 (Groundball, 4)
|
Bottom of the 6th over - 2 run(s), 3 hit(s), 0 error(s), 1 left on base; Indiana 4 - Allentown 9 |
TOP OF THE 7TH |
Indiana Hounds batting - Pitching for Allentown Hillbillies : RHP Pepe Fernández
|
Batting: LHB Denny Poole
|
0-0: Called Strike 0-1: Swinging Strike 0-2: SOLO HOME RUN (Flyball, 9LD), Distance : 381 ft
|
Batting: LHB Dave Watson
|
0-0: Called Strike 0-1: Ball 1-1: Swinging Strike 1-2: Foul Ball, location: 2F 1-2: Strikes out swinging
|
Pitching: RHP Dale Downs
|
|
Batting: RHB Juan Brito
|
0-0: Ball 1-0: Swinging Strike 1-1: Ball 2-1: Ball 3-1: Foul Ball, location: 2F 3-2: Base on Balls
|
Batting: LHB David Cháves
|
0-0: Ball 1-0: Ball 2-0: Ball 3-0: Base on Balls Juan Brito to second
|
Batting: RHB Doug Murray
|
0-0: Ball 1-0: Swinging Strike 1-1: Swinging Strike 1-2: Strikes out looking
|
Batting: RHB Danny Walker
|
0-0: Ball 1-0: Ball 2-0: Ball 3-0: Called Strike 3-1: Ground out 6-3 (Groundball, 56)
|
Top of the 7th over - 1 run(s), 1 hit(s), 0 error(s), 2 left on base; Indiana 5 - Allentown 9 |
BOTTOM OF THE 7TH |
Allentown Hillbillies batting - Pitching for Indiana Hounds : RHP Barry Mitchell
|
Batting: RHB Justin Harris
|
0-0: Swinging Strike 0-1: Swinging Strike 0-2: Ball 1-2: SINGLE (Line Drive, 8LS)
|
Batting: RHB Wyatt McKinnon
|
0-0: Ball 1-0: Ball 2-0: Fly out, F9 (Flyball, 89M)
|
Batting: RHB Diego Rivera
|
0-0: Called Strike 0-1: Swinging Strike 0-2: Ball 1-2: Foul Ball, location: 2F 1-2: Foul Ball, location: 2F 1-2: Ball 2-2: Ball 3-2: DOUBLE (Line Drive, 7LM) Justin Harris to third
|
Batting: LHB Eduardo Rodríguez
|
0-0: Foul Ball, location: 2F 0-1: Ball 1-1: Foul Ball, location: 2F 1-2: Ground out 4-3 (Groundball, 34) Justin Harris scores Diego Rivera to third
|
Batting: RHB Dan Banks
|
0-0: Ball 1-0: Called Strike 1-1: Foul Ball, location: 2F 1-2: Ball 2-2: Ball 3-2: Strikes out swinging
|
Bottom of the 7th over - 1 run(s), 2 hit(s), 0 error(s), 1 left on base; Indiana 5 - Allentown 10 |
TOP OF THE 8TH |
Indiana Hounds batting - Pitching for Allentown Hillbillies : RHP Dale Downs
|
Now at 1B: Germano Labrego
|
|
Batting: RHB Vicente Valentín
|
0-0: Called Strike 0-1: Ball 1-1: Swinging Strike 1-2: Strikes out looking
|
Batting: LHB Dave Helásquez
|
0-0: Called Strike 0-1: Swinging Strike 0-2: Strikes out looking
|
Batting: RHB Domingo Romero
|
0-0: Ball 1-0: Ball 2-0: Ball 3-0: Called Strike 3-1: Fly out, F9 (Flyball, 9LM)
|
Top of the 8th over - 0 run(s), 0 hit(s), 0 error(s), 0 left on base; Indiana 5 - Allentown 10 |
BOTTOM OF THE 8TH |
Allentown Hillbillies batting - Pitching for Indiana Hounds : RHP Barry Mitchell
|
Batting: RHB Carl Brown
|
0-0: Ball 1-0: Foul Ball, location: 2F 1-1: Swinging Strike 1-2: Ball 2-2: Ball 3-2: Foul Ball, location: 2F 3-2: Base on Balls
|
Batting: RHB Bartolo López
|
0-0: Ball 1-0: Ball 2-0: Called Strike 2-1: Swinging Strike 2-2: Foul Ball, location: 2F 2-2: TRIPLE (Line Drive, 8LD) Carl Brown scores
|
Batting: RHB Stephen Shaw
|
0-0: Called Strike 0-1: Ball Balk! Bartolo López scores 1-1: Ball 2-1: Foul Ball, location: 2F 2-2: Ground out 5-3 (Groundball, 56)
|
Pitching: LHP Miguel Martínez
|
|
Batting: LHB George Knight
|
0-0: SINGLE (Line Drive, 7S)
|
Batting: RHB Justin Harris
|
0-0: Ball Pickoff Throw to First - Error! E1 George Knight to second 1-0: Ball 2-0: Called Strike 2-1: Foul Ball, location: 2F 2-2: Foul Ball, location: 2F 2-2: Foul Ball, location: 2F 2-2: Ball 3-2: Strikes out looking
|
Batting: RHB Wyatt McKinnon
|
0-0: Called Strike 0-1: Ball 1-1: Ground out 3-1 (Groundball, 34)
|
Bottom of the 8th over - 2 run(s), 2 hit(s), 1 error(s), 1 left on base; Indiana 5 - Allentown 12 |
TOP OF THE 9TH |
Indiana Hounds batting - Pitching for Allentown Hillbillies : RHP Dale Downs
|
Now at SS: António Yánez
|
|
Batting: LHB Denny Poole
|
0-0: SINGLE (Groundball, 5D)
|
Batting: LHB Dave Watson
|
0-0: Ball 1-0: Ball Wild Pitch! Denny Poole to second 2-0: Foul Ball, location: 2F 2-1: Ball 3-1: Ground out 4-3 (Groundball, 34D) Denny Poole to third
|
Pitching: LHP Emílio Trevino
|
|
Batting: RHB Juan Brito
|
0-0: Ball 1-0: Foul Ball, location: 2F 1-1: Ball 2-1: Ball 3-1: Base on Balls
|
Batting: LHB David Cháves
|
0-0: Ball 1-0: Called Strike 1-1: Ball 2-1: Foul Ball, location: 2F 2-2: Strikes out swinging
|
Batting: RHB Doug Murray
|
0-0: Ball 1-0: Fly out, F9 (Flyball, 9D)
|
Top of the 9th over - 0 run(s), 1 hit(s), 0 error(s), 2 left on base; Indiana 5 - Allentown 12 |
|